AoeStats
← game 4 fun

Nomad

509613172Analyzed
4v4 RM · 3d ago on Sep 27, 2026· 57m 31s· 8 players
Game mode
Random Map
Map size
231×231
Population
200
Speed
Normal
Resources
Standard
Victory
Conquest
Starting age
Dark Age
Ending age
Imperial Age
RankedLock teamsTeams togetherTeam positionsShared explorationLock speedFull tech treeHidden civsTurbo modeCheats
Victory
Defeat
🇭🇰 Huns · Hong Kong SAR China
1182
+16
🇩🇪 Italians · Germany
1170
+17
🇪🇸 Varangians · Spain
1163
+17
🇨🇳 Malians · China
1160
+17
🇫🇷 Mongols · France
1283
-20
🇫🇷 Persians · France
1268
-20
🇹🇼 Danes · Taiwan
1134
-15
🇫🇷 Wu · France
1076
-12
FRKNCY
6:58 Loom
13:01 Feudal Age
13:54 Double-Bit Axe
15:22 Town Watch
16:30 Fletching
19:55 Castle Age
18:08 Horse Collar
20:50 Medium Warships
20:47 Bodkin Arrow
25:42 Bow Saw
32:18 Wheelbarrow
39:57 Imperial Age
39:39 Heavy Plow
41:46 Bracer
42:14 Padded Archer Armor
43:43 Chemistry
44:36 Leather Archer Armor
45:33 Ballistics
46:36 Gold Mining
47:17 Conscription
48:29 Town Patrol
49:29 Ring Archer Armor
52:30 Elite Genoese Crossbowman
54:53 Thumb Ring
game 4 fun
5:05 Loom
14:57 Feudal Age
17:59 Fishing Lines
20:44 Castle Age
18:42 Horse Collar
18:49 Double-Bit Axe
20:07 Gold Mining
21:17 Scale Barding Armor
23:21 Bloodlines
25:03 Wheelbarrow
24:51 Town Watch
25:07 Gillnets
26:59 Forging
28:29 Bow Saw
29:02 Gold Shaft Mining
29:02 Husbandry
30:25 Chain Barding Armor
31:13 Iron Casting
31:58 Hand Cart
37:58 Imperial Age
37:19 Pikeman
38:00 Scale Mail Armor
38:03 Cavalier
39:10 Conscription
39:53 Blast Furnace
39:24 Heavy Plow
40:19 Squires
41:52 Plate Barding Armor
44:01 Chain Mail Armor
45:36 Paladin
47:06 Fletching
47:17 Padded Archer Armor
49:17 Two-Man Saw
49:36 Elite Skirmisher
50:13 Halberdier
51:21 Bodkin Arrow
51:42 Leather Archer Armor
54:09 Thumb Ring
54:10 Bracer
56:17 Light Cavalry
Note1984
7:51 Loom
13:11 Feudal Age
14:49 Double-Bit Axe
15:11 Fishing Lines
20:24 Castle Age
18:26 Fletching
19:21 Stone Mining
19:21 Gold Mining
21:13 Bodkin Arrow
21:36 Bow Saw
25:24 Ballistics
25:10 Gillnets
25:57 Scale Barding Armor
26:02 Forging
27:51 Wheelbarrow
27:54 Horse Collar
29:44 Chain Barding Armor
30:00 Iron Casting
30:01 Heavy Plow
31:30 Bloodlines
33:09 Hand Cart
34:07 Town Watch
39:54 Imperial Age
38:55 Husbandry
40:59 Conscription
40:36 Elite Jarl
43:36 Two-Man Saw
45:39 Plate Barding Armor
46:04 Blast Furnace
46:00 Crop Rotation
47:05 Bracer
54:42 Siege Engineers
54:17 Treadmill Crane
55:38 Chemistry
54:34 Murder Holes
55:47 Vendel Legacy
ouujkj
8:08 Loom
12:39 Feudal Age
17:21 Castle Age
16:27 Double-Bit Axe
18:35 Bow Saw
19:29 Gold Mining
21:41 Scale Mail Armor
24:55 Forging
26:28 Wheelbarrow
26:47 Tigui
32:34 Imperial Age
32:09 Scale Barding Armor
34:09 Heavy Camel Rider
35:00 Bloodlines
35:43 Husbandry
37:47 Conscription
43:08 Chain Barding Armor
44:03 Iron Casting
45:06 Plate Barding Armor
44:22 Fletching
46:16 Farimba
48:08 Cavalier
48:42 Horse Collar
51:03 Stone Mining
51:48 Gold Shaft Mining
Jean-Paul Godtier
6:28 Loom
14:31 Feudal Age
15:36 Double-Bit Axe
18:03 Gold Mining
22:25 Castle Age
21:05 Fletching
21:49 Fishing Lines
26:39 Stone Mining
29:20 Bow Saw
30:55 Wheelbarrow
30:31 Red Cliffs Tactics
30:55 Bodkin Arrow
33:28 Hand Cart
41:21 Imperial Age
42:24 Ballistics
42:33 Scale Mail Armor
42:35 Padded Archer Armor
44:29 Squires
44:16 Arson
44:49 Forging
44:54 Chain Mail Armor
44:55 Leather Archer Armor
46:31 Conscription
49:41 Elite Skirmisher
51:46 Plate Mail Armor
51:19 Bracer
Uethatzuia
5:30 Loom
14:12 Feudal Age
18:11 Castle Age
15:56 Horse Collar
17:41 Double-Bit Axe
20:20 Medium Warships
23:01 Wheelbarrow
23:22 Bow Saw
24:11 Hand Cart
25:33 Heavy Plow
30:22 Imperial Age
28:29 Husbandry
29:25 Bloodlines
29:27 Scale Barding Armor
29:32 Forging
31:07 Chain Barding Armor
30:23 Cavalier
32:12 Iron Casting
32:35 Savar
36:42 Plate Barding Armor
37:08 Blast Furnace
39:38 Padded Archer Armor
39:29 Fletching
39:05 Crossbowman
39:50 Thumb Ring
41:05 Conscription
40:46 Kamandaran
44:45 Bodkin Arrow
45:05 Leather Archer Armor
ToRrGalL
5:23 Loom
13:36 Feudal Age
15:24 Double-Bit Axe
19:18 Castle Age
18:40 Horse Collar
25:27 Wheelbarrow
25:31 Husbandry
25:42 Bloodlines
26:23 Fletching
26:26 Town Watch
27:32 Bodkin Arrow
28:35 Heavy Plow
30:18 Thumb Ring
34:27 Ballistics
34:02 Murder Holes
35:51 Padded Archer Armor
36:15 Gold Mining
42:14 Imperial Age
40:02 Hand Cart
40:06 Bow Saw
42:05 Leather Archer Armor
42:24 Elite Mangudai
43:32 Conscription
43:19 Bracer
44:38 Chemistry
45:56 Hoardings
45:37 Masonry
46:18 Nomads
48:30 Stone Mining
51:20 Parthian Tactics
51:34 Stone Shaft Mining
51:13 Fortified Wall
52:50 Gold Shaft Mining
AZ
7:45 Loom
15:54 Feudal Age
16:17 Fishing Lines
16:24 Double-Bit Axe
20:37 Castle Age
18:12 Man-at-Arms
18:38 Arson
18:54 Scale Mail Armor
20:22 Forging
20:43 Long Swordsman
21:09 Gambesons
21:24 Squires
21:35 Squires
39:06 Bow Saw
41:26 Wheelbarrow
42:48 Stone Mining
42:52 Horse Collar
44:14 Chain Mail Armor
45:45 Iron Casting
49:29 Imperial Age
47:09 Heavy Plow
47:44 Fletching
48:24 Hand Cart
53:30 Plate Mail Armor
Connection lost

Rejoining the realm…

Still unreachable

The connection could not be restored.

Session expired

The server has moved on; the page needs a fresh start.